FSL
LAKELAND FLYING TIGERS @ CHARLOTTE STONE CRABS
07/17/2098
 
TOP OF THE 1ST
Lakeland Flying Tigers batting - Pitching for Charlotte Stone Crabs : RHP Willie Portugal
Pitching: RHP Willie Portugal
Batting: RHB Quincy Behan 0-0: Ball
1-0: Bunt missed!
1-1: Ball
2-1: Ball
3-1: Called Strike
3-2: Fly out, F7 (Flyball, 7, EV 95.6 MPH)
Batting: LHB Ron Devers 0-0: Ball
1-0: Swinging Strike
1-1: Ball
2-1: Swinging Strike
2-2: Strikes out looking
Batting: LHB Mike Giordano 0-0: Foul Ball, location: 2F
0-1: Foul Ball, location: 7LSF
0-2: Strikes out looking
Top of the 1st over - 0 runs, 0 hits, 0 errors, 0 left on base; Lakeland 0 - Charlotte 0
BOTTOM OF THE 1ST
Charlotte Stone Crabs batting - Pitching for Lakeland Flying Tigers : RHP Raul Castillo
Pitching: RHP Raul Castillo
Batting: RHB Mike Woods 0-0: Ball
1-0: Ball
2-0: Ball
3-0: Called Strike
3-1: Base on Balls
Batting: SHB John Christopher 0-0: Ball
1-0: Called Strike
1-1: Ball
2-1: Foul Ball, location: 3DF
2-2: Ball
3-2: Fly out, F8 (Flyball, 78M, EV 87.5 MPH)
Batting: RHB Eric Watts 0-0: Ball
1-0: Called Strike
1-1: Fielders Choice at 2nd, 4-6 (Groundball, 4, EV 94.4 MPH)
Batting: LHB Matt Flagg 0-0: Ball
1-0: Called Strike
1-1: Ball
2-1: Ball
Eric Watts is caught stealing 2nd base 2-6
Bottom of the 1st over - 0 runs, 0 hits, 0 errors, 0 left on base; Lakeland 0 - Charlotte 0
TOP OF THE 2ND
Lakeland Flying Tigers batting - Pitching for Charlotte Stone Crabs : RHP Willie Portugal
Batting: LHB Dusty Ancona 0-0: Swinging Strike
0-1: Ball
1-1: Swinging Strike
1-2: Foul Ball, location: 25FF
1-2: Ball
2-2: Ball
3-2: Strikes out swinging
Batting: RHB Ed Hochstetler 0-0: Ball
1-0: Fly out, F9 (Flyball, 89M, EV 81.3 MPH)
Batting: LHB Alex Pacheco 0-0: Ball
1-0: Ball
2-0: Called Strike
2-1: Ball
3-1: Ground out 5-3 (Groundball, 5, EV 97.5 MPH)
Top of the 2nd over - 0 runs, 0 hits, 0 errors, 0 left on base; Lakeland 0 - Charlotte 0
BOTTOM OF THE 2ND
Charlotte Stone Crabs batting - Pitching for Lakeland Flying Tigers : RHP Raul Castillo
Batting: LHB Matt Flagg 0-0: Called Strike
0-1: Called Strike
0-2: Ball
1-2: Ball
2-2: Foul Ball, location: 9LSF
2-2: Ball
3-2: Foul Ball, location: 2F
3-2: Base on Balls
Batting: RHB Jeff Rock 0-0: Foul Ball, location: 5DF
0-1: Called Strike
0-2: Ball
1-2: Ball
2-2: Strikes out looking
Batting: LHB Joe Carter 0-0: Foul Ball, location: 3SF
0-1: Called Strike
0-2: Ball
1-2: Ball
2-2: Foul Ball, location: 3F
2-2: Strikes out swinging
Batting: LHB Ivan Santana 0-0: Called Strike
0-1: Ball
1-1: Fly out, F9 (Flyball, 9LS, EV 84.4 MPH)
Bottom of the 2nd over - 0 runs, 0 hits, 0 errors, 1 left on base; Lakeland 0 - Charlotte 0
TOP OF THE 3RD
Lakeland Flying Tigers batting - Pitching for Charlotte Stone Crabs : RHP Willie Portugal
Batting: RHB Joe McFadden 0-0: Called Strike
0-1: Ball
1-1: SINGLE (Line Drive, 89S, EV 100.0 MPH)
Batting: RHB Chris Bowman 0-0: Sac Bunt to 13S - play at first, batter OUT! 1-3
Joe McFadden to second
Batting: RHB Mike Nesseth 0-0: Called Strike
0-1: Ball
1-1: Ball
2-1: SINGLE (Line Drive, 7LS, EV 95.6 MPH)
Joe McFadden to third
Batting: RHB Quincy Behan 0-0: Called Strike
0-1: Ball
1-1: Ball
2-1: Ball
3-1: Swinging Strike
3-2: Strikes out looking
Batting: LHB Ron Devers 0-0: Ball
1-0: Foul Ball, location: 2F
1-1: Fly out, F9 (Flyball, 89M, EV 100.0 MPH)
Top of the 3rd over - 0 runs, 2 hits, 0 errors, 2 left on base; Lakeland 0 - Charlotte 0
BOTTOM OF THE 3RD
Charlotte Stone Crabs batting - Pitching for Lakeland Flying Tigers : RHP Raul Castillo
Batting: RHB Zach Grimaldi 0-0: Foul Ball, location: 3DF
0-1: Called Strike
0-2: Ball
1-2: SINGLE (Line Drive, 78S, EV 101.9 MPH)
Batting: SHB Will MacKenna 0-0: Called Strike
0-1: Foul Ball, location: 5FF
0-2: Strikes out looking
Batting: RHB Mike Woods 0-0: Ball
1-0: Ball
2-0: Called Strike
2-1: Grounds into double play, 6-4-3 (Groundball, 6, EV 108.1 MPH)
Bottom of the 3rd over - 0 runs, 1 hit, 0 errors, 0 left on base; Lakeland 0 - Charlotte 0
TOP OF THE 4TH
Lakeland Flying Tigers batting - Pitching for Charlotte Stone Crabs : RHP Willie Portugal
Batting: LHB Mike Giordano 0-0: Ball
1-0: Ground out 5-3 (Groundball, 56, EV 85.0 MPH)
Batting: LHB Dusty Ancona 0-0: Ball
1-0: Ball
2-0: Fly out, F8 (Line Drive, 78D, EV 93.8 MPH)
Batting: RHB Ed Hochstetler 0-0: Ground out 6-3 (Groundball, 6, EV 78.8 MPH)
Top of the 4th over - 0 runs, 0 hits, 0 errors, 0 left on base; Lakeland 0 - Charlotte 0
BOTTOM OF THE 4TH
Charlotte Stone Crabs batting - Pitching for Lakeland Flying Tigers : RHP Raul Castillo
Batting: SHB John Christopher 0-0: Called Strike
0-1: Bunted foul
0-2: Ball
1-2: Fly out, F6 (Popup, 6MD, EV 38.8 MPH)
Batting: RHB Eric Watts 0-0: Ball
1-0: Foul Ball, location: 2F
1-1: SINGLE (Line Drive, 4D, EV 96.3 MPH)
Batting: LHB Matt Flagg 0-0: Ball
1-0: Ball
2-0: DOUBLE (Line Drive, 89XD, EV 106.3 MPH)
Eric Watts to third
Runner from 3rd tries for Home, SAFE, throw by RF to trailing runner, SAFE at third!
Batting: RHB Jeff Rock 0-0: Ball
1-0: Ball
2-0: Ground out 6-3 (Groundball, 6, EV 86.3 MPH)
Matt Flagg scores
Batting: LHB Joe Carter 0-0: Ball
1-0: SINGLE (Line Drive, 6M, EV 68.8 MPH)
Batting: LHB Ivan Santana 0-0: Called Strike
0-1: Ball
1-1: Called Strike
1-2: Ball
Passed Ball!
Joe Carter to second
2-2: Ball
3-2: Foul Ball, location: 2F
3-2: SINGLE (Groundball, 34D, EV 106.9 MPH)
Joe Carter to third
Runner from 3rd tries for Home, SAFE, throw by RF to home
Batting: RHB Zach Grimaldi 0-0: Ball
1-0: Ball
2-0: SINGLE (Groundball, 6MD, EV 105.0 MPH)
Ivan Santana to second
Runner from 2nd tries for 3rd, SAFE, no throw by CF
Batting: SHB Will MacKenna 0-0: Ball
1-0: Ball
2-0: Ball
3-0: Called Strike
3-1: Base on Balls
Zach Grimaldi to second
Batting: RHB Mike Woods 0-0: Called Strike
0-1: Ball
1-1: Ball
2-1: Fly out, F3 (Popup, 3F, EV 76.9 MPH)
Bottom of the 4th over - 3 runs, 5 hits, 0 errors, 3 left on base; Lakeland 0 - Charlotte 3
TOP OF THE 5TH
Lakeland Flying Tigers batting - Pitching for Charlotte Stone Crabs : RHP Willie Portugal
Batting: LHB Alex Pacheco 0-0: Foul Ball, location: 5F
0-1: Swinging Strike
0-2: Foul Ball, location: 5F
0-2: Foul Ball, location: 5FF
0-2: Foul Ball, location: 5F
0-2: Ball
1-2: Foul Ball, location: 2F
1-2: Ball
2-2: Strikes out swinging
Batting: RHB Joe McFadden 0-0: Ball
1-0: Foul Ball, location: 2RF
1-1: Ground out 6-3 (Groundball, 6, EV 100.6 MPH)
Batting: RHB Chris Bowman 0-0: Called Strike
0-1: Foul Ball, location: 5F
0-2: Ball
1-2: Strikes out swinging
Top of the 5th over - 0 runs, 0 hits, 0 errors, 0 left on base; Lakeland 0 - Charlotte 3
BOTTOM OF THE 5TH
Charlotte Stone Crabs batting - Pitching for Lakeland Flying Tigers : RHP Raul Castillo
Batting: SHB John Christopher 0-0: Ball
1-0: Hit by Pitch
Batting: RHB Eric Watts 0-0: Swinging Strike
0-1: Fly out, F9 (Flyball, 89S, EV 88.1 MPH)
Batting: LHB Matt Flagg 0-0: Ball
1-0: Called Strike
1-1: Fly out, F8 (Flyball, 8RD, EV 91.3 MPH)
Batting: RHB Jeff Rock 0-0: Ball
John Christopher steals 2nd base
1-0: Foul Ball, location: 9LMF
1-1: SINGLE (Line Drive, 9S, EV 84.4 MPH)
John Christopher to third
Runner from 3rd tries for Home, SAFE, throw by RF to home
Batting: LHB Joe Carter 0-0: Ball
1-0: Ball
2-0: Called Strike
2-1: Foul Ball, location: 5F
2-2: Foul Ball, location: 9LMF
2-2: Ball
3-2: Ground out 4-3 (Groundball, 4S, EV 81.3 MPH)
Bottom of the 5th over - 1 run, 1 hit, 0 errors, 1 left on base; Lakeland 0 - Charlotte 4
TOP OF THE 6TH
Lakeland Flying Tigers batting - Pitching for Charlotte Stone Crabs : RHP Willie Portugal
Batting: RHB Mike Nesseth 0-0: Ball
1-0: Called Strike
1-1: Swinging Strike
1-2: Ball
2-2: Strikes out swinging
Batting: RHB Quincy Behan 0-0: Ball
1-0: Ball
2-0: Fly out, F6 (Popup, 15, EV 83.8 MPH)
Batting: LHB Ron Devers 0-0: Ground out 4-3 (Groundball, 34D, EV 92.5 MPH)
Top of the 6th over - 0 runs, 0 hits, 0 errors, 0 left on base; Lakeland 0 - Charlotte 4
BOTTOM OF THE 6TH
Charlotte Stone Crabs batting - Pitching for Lakeland Flying Tigers : RHP Raul Castillo
Batting: LHB Ivan Santana 0-0: Ball
1-0: Foul Ball, location: 2F
1-1: Swinging Strike
1-2: Fly out, F9 (Flyball, 89D, EV 80.6 MPH)
Batting: RHB Zach Grimaldi 0-0: Swinging Strike
0-1: Ball
1-1: Called Strike
1-2: Ball
2-2: Foul Ball, location: 2F
2-2: Ball
3-2: Base on Balls
Pitching: RHP Jonathan Williams
Batting: SHB Will MacKenna 0-0: Called Strike
0-1: Ball
1-1: Foul Ball, location: 2F
1-2: SINGLE (Groundball, 34, EV 82.5 MPH) (infield hit)
Zach Grimaldi to second
Batting: RHB Mike Woods 0-0: Fly out, F7 (Line Drive, 7D, EV 104.4 MPH)
Batting: SHB John Christopher 0-0: Ball
1-0: Called Strike
1-1: Foul Ball, location: 7LMFF
1-2: Strikes out swinging
Bottom of the 6th over - 0 runs, 1 hit, 0 errors, 2 left on base; Lakeland 0 - Charlotte 4
TOP OF THE 7TH
Lakeland Flying Tigers batting - Pitching for Charlotte Stone Crabs : RHP Willie Portugal
Batting: LHB Mike Giordano 0-0: Foul Ball, location: 23F
0-1: Fly out, F2 (Popup, 25F, EV 80.6 MPH)
Batting: LHB Dusty Ancona 0-0: Ball
1-0: Ball
2-0: Ground out U3 (Groundball, 34, EV 84.4 MPH)
Batting: RHB Ed Hochstetler 0-0: Called Strike
0-1: Fly out, F3 (Line Drive, 3, EV 66.9 MPH)
Top of the 7th over - 0 runs, 0 hits, 0 errors, 0 left on base; Lakeland 0 - Charlotte 4
BOTTOM OF THE 7TH
Charlotte Stone Crabs batting - Pitching for Lakeland Flying Tigers : RHP Jonathan Williams
Batting: RHB Eric Watts 0-0: Called Strike
0-1: Foul Ball, location: 5FF
0-2: Ball
1-2: Foul Ball, location: 9LDF
1-2: Foul Ball, location: 2F
1-2: Ground out 6-3 (Groundball, 6M, EV 86.3 MPH)
Batting: LHB Matt Flagg 0-0: Called Strike
0-1: Foul Ball, location: 2F
0-2: Ball
1-2: Foul Ball, location: 7LSF
1-2: Fly out, F6 (Popup, 6D, EV 53.1 MPH)
Batting: RHB Jeff Rock 0-0: Ball
1-0: Ball
2-0: Called Strike
2-1: Foul Ball, location: 9LDF
2-2: Foul Ball, location: 2F
2-2: Foul Ball, location: 3DF
2-2: Fly out, F7 (Flyball, 7D, EV 100.6 MPH)
Bottom of the 7th over - 0 runs, 0 hits, 0 errors, 0 left on base; Lakeland 0 - Charlotte 4
TOP OF THE 8TH
Lakeland Flying Tigers batting - Pitching for Charlotte Stone Crabs : RHP Willie Portugal
Batting: LHB Alex Pacheco 0-0: Ground out U3 (Groundball, 3, EV 80.6 MPH)
Batting: RHB Joe McFadden 0-0: Swinging Strike
0-1: Ball
1-1: Ball
2-1: Foul Ball, location: 5DF
2-2: Foul Ball, location: 25FF
2-2: Ground out 5-3 (Groundball, 15, EV 79.4 MPH)
Batting: RHB Chris Bowman 0-0: Fly out, F6 (Popup, P, EV 83.8 MPH)
Top of the 8th over - 0 runs, 0 hits, 0 errors, 0 left on base; Lakeland 0 - Charlotte 4
BOTTOM OF THE 8TH
Charlotte Stone Crabs batting - Pitching for Lakeland Flying Tigers : RHP Jonathan Williams
Batting: LHB Joe Carter 0-0: Ball
1-0: Called Strike
1-1: Ball
2-1: SINGLE (Groundball, 4MD, EV 110.6 MPH)
Batting: LHB Ivan Santana 0-0: Ball
Joe Carter steals 2nd base
1-0: Fly out, F5 (Popup, 5F, EV 58.1 MPH)
Batting: RHB Zach Grimaldi 0-0: Called Strike
0-1: Ball
1-1: Fly out, F8 (Flyball, 8RD, EV 87.5 MPH)
Batting: SHB Will MacKenna 0-0: Called Strike
0-1: Foul Ball, location: 3FF
0-2: Ball
1-2: Ball
2-2: Ball
3-2: DOUBLE (Flyball, 78D, EV 96.9 MPH)
Joe Carter scores
Pitching: RHP Joey Amaya
Batting: RHB Mike Woods 0-0: Foul Ball, location: 3FF
0-1: Foul Ball, location: 5SF
0-2: Ball
1-2: Strikes out swinging
Bottom of the 8th over - 1 run, 2 hits, 0 errors, 1 left on base; Lakeland 0 - Charlotte 5
TOP OF THE 9TH
Lakeland Flying Tigers batting - Pitching for Charlotte Stone Crabs : RHP Willie Portugal
Batting: RHB Mike Nesseth 0-0: Fly out, F8 (Flyball, 78M, EV 88.1 MPH)
Batting: RHB Quincy Behan 0-0: Ball
1-0: Called Strike
1-1: Called Strike
1-2: Strikes out swinging
Batting: LHB Ron Devers 0-0: Ball
1-0: Ball
2-0: Ground out 6-3 (Groundball, 6, EV 86.3 MPH)
Top of the 9th over - 0 runs, 0 hits, 0 errors, 0 left on base; Lakeland 0 - Charlotte 5
Wednesday, April 10th , 2024 - OOTP Baseball 24.11 Build 85